 Dungeon Crawl Stone Soup version 0.26-a0-498-g0fdccc9 (webtiles) character file.

Game seed: 14012092406999943672

5 wrshamilton the Gusty (level 1, -3/10 HPs)
             Began as a Deep Elf Air Elementalist on Aug 6, 2020.
             Killed from afar by a dart slug (6 damage)
             ... with a slug dart
             ... on level 1 of the Dungeon.
             The game lasted 00:03:17 (402 turns).

wrshamilton the Gusty (Deep Elf Air Elementalist)    Turns: 402, Time: 00:03:17

Health: -3/10      AC:  2    Str:  5    XL:     1   Next: 66%
Magic:  6/6        EV: 13    Int: 19    God:
Gold:   4          SH:  0    Dex: 15    Spells: 5/6 levels left

rFire    . . .     SeeInvis .   h - +0 dagger
rCold    . . .     Faith    .   (no shield)
rNeg     . . .     Spirit   .   a - +0 robe
rPois    .         Reflect  .   (no helmet)
rElec    .         Harm     .   (no cloak)
rCorr    .                      (no gloves)
MR       .....                  (no boots)
Stlth    ++........             (no amulet)
HPRegen  0.03/turn              (no ring)
MPRegen  0.10/turn              (no ring)

@: no status effects
A: no striking features
a: no special abilities


You were on level 1 of the Dungeon.
You visited 1 branch of the dungeon, and saw 1 of its levels.

You collected 4 gold pieces.

Inventory:

Hand Weapons
 h - a +0 dagger (weapon)
Missiles
 g - 15 stones (quivered)
Armour
 a - a +0 robe (worn)
 e - a scarf of invisibility
 k - a +0 pair of gloves
Scrolls
 b - a scroll of teleportation {unknown}
 i - a scroll of fear {unknown}
 j - a scroll of magic mapping {unknown}
 l - 3 scrolls of remove curse {unknown}
Potions
 c - a potion of invisibility {unknown}
 d - a potion of stabbing {unknown}
 f - a potion of berserk rage {unknown}
 m - a potion of haste {unknown}


   Skills:
 - Level 2.4 Dodging
 - Level 2.4 Stealth
 - Level 3.0 Spellcasting
 + Level 2.0 Conjurations
 - Level 3.0 Air Magic


You had 5 spell levels left.
You knew the following spells:

 Your Spells              Type           Power        Failure   Level
a - Shock                 Conj/Air       ##..         5%          1

Your spell library contained the following spells:

 Spells                   Type           Power        Failure   Level
 Swiftness                Air            ##......     7%          2
 Static Discharge         Conj/Air       ##......     16%         3
 Airstrike                Air            ##........   41%         4
 Lightning Bolt           Conj/Air       ##........   83%         5


Dungeon Overview and Level Annotations

Branches:
Dungeon (1/15)

Altars:

Annotations:
D:1 exclusions: 2 hobgoblins, kobold and 1 more exclusion


Message History

Casting: Shock (safe; 5% risk of failure)
Confirm with . or Enter, or press ? or * to list all spells.
Aiming: Shock (safe; 5% risk of failure)
Press: ? - help, Shift-Dir - straight line, f - dart slug
Aim: a dart slug (asleep)
The zap hits the dart slug.
The dart slug is lightly wounded.
The dart slug launches a dart at you. The slug dart hits you!
Ouch! That really hurt!
* * * LOW HITPOINT WARNING * * *
Found a scroll labeled SUEC PISUEPHO.
You start resting.
Magic restored.
You start resting.
A dart slug is nearby!
The dart slug launches a dart at you. The slug dart hits you.
Ouch! That really hurt!
You die...

#### # .# .? # #. #.#
####.# # #.##.# #....
.. # #.#..# #.... .. #
#.#..# #... w#
#######....# #..# .#
........#..# #..# .#
####.###...## #..# .#
.....##.....###.@####.#
###..#...........w....#
###.†#...........######
................##
###.##.....).####
#........### ######...#
#####


You could see a dart slug.

Vanquished Creatures
  A giant cockroach (D:1)
  2 ball pythons (D:1)
  A bat (D:1)
  A goblin (D:1)
  2 rats (D:1)
7 creatures vanquished.

Notes
Turn   | Place    | Note
-------+----------+-------------------------------------------
     0 | D:1      | wrshamilton the Deep Elf Air Elementalist began the quest
                  | for the Orb.
     0 | D:1      | Reached XP level 1. HP: 10/10 MP: 6/6
   402 | D:1      | Killed from afar by a dart slug

Illustrated notes

Levels and vault maps discovered:
D:1:      nicolae_arrival_somewhat_less_tricky_arrival, layout_loops_ring

Skill      XL: |  1 |
---------------+----+-----
Conjurations   | 2 |  2.0
Dodging        | |  2.4
Stealth        | |  2.4
Spellcasting   | |  3.0
Air Magic      | |  3.0

Action                   || total
-------------------------++-------
Melee: Unarmed           ||     2
Throw: Stone             ||     2
 Cast: Shock             ||     8
Armor: Robe              ||     3
Dodge: Dodged            ||    11

Table legend: (Time is in decaauts)
 A = Elapsed time spent in this place.
 B = Non-inter-level travel time spent in this place.
 C = Inter-level travel time spent in this place.
 D = Time resting spent in this place.
 E = Time spent auto-exploring this place.
 F = Levels seen in this place.
 G = Mean time per level.
                   A        B        C        D        E       F      G
               +--------+--------+--------+--------+--------+-----+--------+
         Total |    401 |    401 |      0 |     70 |    127 |   1 |  401.0 |
       Dungeon |    401 |    401 |      0 |     70 |    127 |   1 |  401.0 |
               +--------+--------+--------+--------+--------+-----+--------+

Top non-repeatable levels by time:
     D:1: 401 daAuts
